Map: Ephemeron LE

Players

Seismic - Winner!

  • Race: Zerg Zerg
  • League: Gold
  • Spawn Location: 5:00

A.I. 1 (Easy)

  • Race: Protoss Protoss
  • Spawn Location: 11:00

VOD

Have the link to the VOD?

Description

Time

  • Played on: Jan. 30, 2020, 9:38 p.m.
  • Length: 11:32
Show
View Real Time Build Order
Export as new Build Order

Seismic Zerg - Winner!

Build Orders: Hatch First 

Get SALT Encoding   

  12  0:01  Drone  
  13  0:12  Overlord  
  13  0:17  Drone  
  14  0:30  Drone x2  
  14  0:34  Drone  
  17  0:54  Hatchery  
  17  0:56  Drone  
  17  0:59  Drone  
  18  1:13  Spawning Pool  
  18  1:16  Drone  
  18  1:19  Drone  
  19  1:28  Drone  
  19  1:31  Extractor  
  19  1:39  Overlord  
  19  1:56  Drone  
  20  2:04  Queen  
  20  2:05  Queen  
  20  2:07  Drone x2  
  26  2:11  Drone  
  27  2:17  Drone  
  27  2:21  Drone  
  29  2:27  Drone  
  30  2:32  Overlord  
  30  2:38  Drone  
  30  2:41  Lair  
  30  2:42  Queen  
  33  3:02  Drone x4  
  37  3:10  Drone x2  
  39  3:16  Overlord  
  39  3:27  Roach Warren  
  39  3:33  Evolution Chamber  
  37  3:38  Drone x3  
  37  3:39  Drone x2, Overlord  
  37  3:40  Drone  
  43  3:56  Hatchery  
  43  4:00  Queen  
  44  4:03  Drone x2  
  44  4:04  Drone  
  44  4:05  Drone  
  48  4:20  Roach x4  
  48  4:21  Roach x2  
  60  4:34  Extractor  
  60  4:37  Extractor  
  58  4:54  Roach  
  58  4:55  Overlord x2  
  58  4:56  Overlord  
  60  5:04  Hatchery  
  59  5:12  Hydralisk Den  
  59  5:13  Drone x6  
  59  5:14  Drone x4, Overlord  
  68  5:38  Drone x4  
  68  5:39  Drone x4  
  76  5:49  Extractor  
  75  5:50  Extractor  
  74  6:06  Hydralisk x2  
  74  6:07  Hydralisk x7  
  74  6:11  Drone x4  
  96  6:22  Drone  
  96  6:23  Drone x3  
  100  6:30  Hatchery  
  100  6:32  Extractor  
  98  6:34  Extractor  
  98  6:37  Drone x5  
  102  6:45  Hydralisk  
  104  6:48  Overlord x3  
  104  6:51  Zerg Missile Weapons Level 1  
  104  6:56  Evolution Chamber  
  104  7:01  Overlord x3  
  103  7:02  Overlord  
  103  7:08  Drone x2  
  105  7:17  Drone x5  
  105  7:18  Drone x7  
  105  7:19  Drone  
  118  7:32  Hydralisk x4  
  118  7:33  Hydralisk x8  
  138  7:45  Hydralisk x4  
  138  7:46  Hydralisk  
  148  7:59  Drone x6  
  148  8:00  Drone  
  148  8:01  Hydralisk, Drone  
  148  8:03  Overlord x3  
  148  8:04  Overlord  
  148  8:05  Overlord  
  158  8:16  Zerg Ground Armor Level 1  
  158  8:21  Hydralisk x4  
  158  8:22  Hydralisk x4  
  174  8:28  Hydralisk x3  
  174  8:32  Zergling x8  
  174  8:33  Zergling x12  
  190  8:43  Hydralisk x2  
  190  8:44  Hydralisk x2  
  198  8:50  Overlord  
Show
View Real Time Build Order
Export as new Build Order

A.I. 1 (Easy) Protoss 

Build Orders:  

Get SALT Encoding   

  12  0:00  Probe  
  13  0:13  Probe  
  14  0:20  Pylon  
  14  0:25  Probe  
  15  0:34  Probe  
  16  0:43  Assimilator  
  16  0:50  Gateway  
  16  0:54  Pylon  
  16  1:18  Assimilator  
  16  1:30  Zealot  
  18  1:42  Cybernetics Core  
  18  2:04  Pylon  
  18  2:05  Probe  
  18  2:13  Probe  
  19  2:18  Stalker  
  19  2:19  Warp Gate  
  22  2:23  Probe  
  23  2:35  Probe  
  24  2:47  Probe  
  25  2:51  Adept  
  27  2:59  Probe  
  28  3:24  Stalker  
  30  3:53  Adept  
  32  6:57  Sentry  
  32  6:58  Probe  
  32  6:59  Pylon  
  35  7:06  Nexus  
  35  7:17  Probe  
  35  7:20  Robotics Facility  
  35  7:22  Pylon, Stalker  
  32  7:47  Sentry  
  30  8:08  Observer  
  30  8:12  Zealot  
  33  8:18  Probe  
  34  8:20  Probe  
  35  8:28  Assimilator  
  35  8:29  Observer, Probe  
  35  8:30  Assimilator, Probe  
  38  8:37  Stalker  
  40  8:41  Probe  
  40  8:43  Probe  
  42  8:53  Probe  
  42  8:55  Probe  
  44  9:02  Stalker  
  46  9:05  Probe  
  46  9:07  Probe  
  48  9:16  Probe  
  48  9:17  Probe  
  45  9:26  Probe  
  45  9:27  Adept  
  45  9:30  Probe  
  41  9:36  Probe  
  26  9:45  Pylon  
  26  9:48  Probe  
  26  10:01  Probe  
  26  10:07  Sentry  
  25  10:13  Probe  
  24  10:17  Pylon  
Tags
 
League
Gold
Matchup
PvZ
Spawn Locations
Cross Positions
Add a new tag
Caveats
  • Supply blocks, unpowered buildings, or Contaminate may cause inaccurate times.
  • Supply counts are checked every 10 seconds.